Map: [ESL] Alcyone

Players

Nina - Winner!

  • Race: Protoss Protoss
  • Spawn Location: 7:00

SpeCial

  • Race: Terran Terran
  • Spawn Location: 1:00

Event: ESL SC2 Masters 2024 Spring (Regional)

VOD

Have the link to the VOD?

Description

Time

  • Played on: April 21, 2024, 12:48 p.m.
  • Length: 22:30

All games in this series

Show
View Real Time Build Order
Export as new Build Order

Nina Protoss - Winner!

Build Orders: 1 Gate Expand, Blink Stalkers 

Get SALT Encoding   

  12  0:00  Probe  
  13  0:12  Probe  
  14  0:18  Pylon  
  14  0:24  Probe  
  15  0:36  Probe (Chrono Boost), Gateway  
  16  0:46  Assimilator  
  16  0:48  Probe (Chrono Boost)  
  17  0:53  Probe (Chrono Boost)  
  18  1:03  Probe  
  19  1:15  Probe  
  20  1:23  Cybernetics Core  
  20  1:32  Nexus  
  20  1:38  Pylon  
  20  1:41  Probe  
  21  1:47  Assimilator  
  21  1:53  Probe  
  22  1:58  Stalker (Chrono Boost)  
  24  2:05  Probe  
  24  2:06  Warp Gate  
  24  2:17  Probe  
  24  2:18  Stalker (Chrono Boost)  
  27  2:29  Probe  
  28  2:35  Gateway  
  28  2:41  Stalker  
  28  2:43  Probe (Chrono Boost)  
  31  2:46  Shield Battery  
  31  2:48  Probe (Chrono Boost)  
  34  2:58  Probe (Chrono Boost)  
  34  2:59  Probe (Chrono Boost)  
  34  3:03  Probe (Chrono Boost)  
  34  3:06  Probe  
  35  3:14  Twilight Council  
  35  3:16  Probe (Chrono Boost)  
  37  3:23  Probe (Chrono Boost)  
  38  3:28  Robotics Facility, Probe (Chrono Boost)  
  39  3:34  Probe (Chrono Boost)  
  39  3:35  Probe (Chrono Boost)  
  39  3:40  Shield Battery  
  40  3:44  Probe x2  
  40  3:45  Blink (Chrono Boost)  
  42  3:55  Pylon  
  42  3:56  Probe  
  42  3:57  Probe  
  42  4:03  Stalker  
  42  4:08  Probe  
  44  4:12  Observer  
  44  4:13  Stalker  
  44  4:14  Probe  
  48  4:20  Pylon, Probe  
  48  4:22  Gateway  
  49  4:31  Stalker, Gateway  
  51  4:32  Probe  
  51  4:33  Observer  
  51  4:38  Probe  
  54  4:40  Assimilator  
  54  4:41  Stalker  
  56  4:46  Probe  
  56  4:49  Pylon  
  57  4:59  Nexus  
  57  5:00  Observer  
  57  5:01  Probe  
  57  5:04  Zealot  
  57  5:05  Probe  
  62  5:13  Probe  
  63  5:16  Zealot  
  63  5:17  Probe  
  63  5:18  Forge  
  66  5:21  Forge  
  66  5:24  Sentry  
  66  5:25  Sentry  
  70  5:34  Pylon  
  70  5:39  Gateway  
  70  5:41  Pylon  
  70  5:44  Shield Battery  
  70  5:48  Gateway  
  70  5:52  Charge (Chrono Boost), Probe x2  
  70  5:54  Observer  
  72  6:03  Immortal  
  74  6:04  Probe (Chrono Boost)  
  74  6:06  Zealot, Probe (Chrono Boost)  
  74  6:07  Zealot  
  81  6:14  Zealot  
  81  6:16  Probe x2 (Chrono Boost)  
  81  6:17  Zealot  
  87  6:22  Probe x2 (Chrono Boost)  
  87  6:24  Probe (Chrono Boost)  
  87  6:25  Protoss Ground Armor Level 1 (Chrono Boost)  
  89  6:26  Observer, Protoss Ground Weapons Level 1 (Chrono Boost)  
  89  6:31  Gateway  
  89  6:33  Zealot  
  89  6:38  Zealot x2  
  89  6:39  Observer (Chrono Boost)  
  95  6:45  Probe  
  96  6:48  Zealot x2  
  96  6:50  Pylon  
  96  6:51  Pylon  
  96  6:52  Probe  
  100  6:55  Probe  
  100  7:04  Probe  
  100  7:05  Pylon  
  101  7:10  Zealot x3  
  101  7:11  Zealot  
  101  7:13  Warp Prism  
  111  7:18  Probe x2  
  111  7:19  Probe  
  114  7:23  Photon Cannon  
  114  7:26  Zealot x3  
  114  7:29  Pylon  
  120  7:30  Probe  
  120  7:32  Probe  
  120  7:33  Stalker  
  124  7:41  Pylon  
  117  7:53  Stalker x2  
  117  7:54  Probe  
  91  8:03  Zealot x3  
  91  8:04  Zealot x2  
  90  8:05  Probe (Chrono Boost)  
  90  8:06  Probe (Chrono Boost)  
  90  8:08  Robotics Bay  
  90  8:09  Probe (Chrono Boost)  
  91  8:15  Observer  
  91  8:18  Probe (Chrono Boost)  
  94  8:22  Nexus  
  94  8:23  Probe (Chrono Boost)  
  94  8:25  Zealot, Protoss Ground Weapons Level 2 (Chrono Boost), Protoss Ground Armor Level 2 (Chrono Boost), Probe (Chrono Boost)  
  96  8:27  Probe (Chrono Boost)  
  96  8:29  Observer (Chrono Boost)  
  98  8:36  Pylon  
  98  8:38  Sentry  
  100  8:45  Zealot x4  
  108  8:50  Zealot x2  
  108  8:52  Probe  
  108  8:53  Assimilator  
  108  8:54  Assimilator, Probe x2  
  108  8:55  Colossus (Chrono Boost)  
  121  9:06  Extended Thermal Lance  
  121  9:10  Probe  
  121  9:11  Probe x2  
  121  9:14  Assimilator  
  124  9:20  Robotics Facility  
  124  9:22  Zealot x4  
  132  9:26  Shield Battery  
  132  9:30  Stalker x2  
  136  9:38  Stalker  
  138  9:41  Colossus (Chrono Boost)  
  144  9:47  Probe  
  144  9:51  Stalker x2  
  142  10:03  Probe  
  142  10:06  Probe  
  130  10:07  Stalker x2, Probe x2  
  130  10:08  Stalker x2  
  116  10:15  Probe  
  116  10:18  Zealot x3  
  112  10:24  Colossus (Chrono Boost)  
  118  10:32  Probe  
  118  10:34  Zealot x3  
  121  10:37  Probe  
  121  10:41  Probe x2 (Chrono Boost)  
  124  10:43  Disruptor (Chrono Boost)  
  124  10:47  Zealot x3, Probe (Chrono Boost)  
  136  10:53  Probe (Chrono Boost)  
  138  10:58  Zealot x2, Probe (Chrono Boost)  
  138  10:59  Probe (Chrono Boost)  
  138  11:00  Protoss Ground Armor Level 3 (Chrono Boost)  
  138  11:02  Zealot x2  
  146  11:05  Photon Cannon  
  146  11:07  Pylon  
  146  11:11  Zealot x2  
  146  11:15  Disruptor x2 (Chrono Boost)  
  158  11:19  Zealot  
  158  11:21  Pylon  
  160  11:28  Zealot  
  160  11:29  Zealot x3  
  168  11:33  Shield Battery  
  168  11:35  Zealot  
  166  11:40  Zealot x2  
  159  11:53  Zealot x4  
  126  11:57  Probe  
  110  12:01  Disruptor  
  110  12:02  Disruptor  
  110  12:03  Probe  
  108  12:15  Zealot x6  
  104  12:16  Zealot, Probe  
  104  12:20  Protoss Ground Weapons Level 3 (Chrono Boost)  
  116  12:37  Sentry x2, Colossus  
  118  12:38  Zealot x5  
  118  12:41  Observer, Nexus  
  136  12:48  Pylon  
  136  12:58  Nexus  
  136  12:59  Zealot x5  
  136  13:01  Colossus  
  152  13:15  Pylon  
  152  13:23  Zealot x2  
  152  13:24  Zealot x4  
  164  13:28  Pylon  
  164  13:29  Pylon  
  164  13:30  Colossus  
  164  13:31  Probe  
  169  13:39  Stalker  
  165  13:46  Stalker x3  
  165  13:47  Stalker x2  
  173  13:54  Stalker  
  175  13:58  Probe  
  175  14:02  Shield Battery  
  182  14:03  Colossus (Chrono Boost)  
  182  14:06  Probe  
  183  14:10  Stalker x3  
  183  14:16  Stalker x2  
  175  14:21  Zealot x2, Colossus (Chrono Boost)  
  151  14:28  Probe x2  
  154  14:39  Zealot x5  
  164  14:47  Zealot x2  
  166  14:54  Disruptor (Chrono Boost)  
  168  15:02  Observer, Nexus  
  168  15:03  Zealot x3  
  178  15:11  Pylon  
  178  15:12  Disruptor (Chrono Boost)  
  178  15:18  Templar Archives  
  178  15:19  Zealot x2  
  182  15:21  Disruptor  
  186  15:31  Stalker x2  
  190  15:36  Stalker  
  190  15:42  Stalker x2  
  192  15:55  Stalker x3  
  196  16:00  Shield Battery  
  196  16:03  Shield Battery  
  173  16:12  Stalker  
  173  16:13  Stalker  
  173  16:17  Stalker  
  177  16:26  Probe x2  
  177  16:33  High Templar x4  
  177  16:38  Archon x2  
  185  16:41  Assimilator  
  185  16:43  Stalker x2  
  187  16:49  Stalker  
  189  16:58  Gateway  
  189  16:59  Disruptor  
  189  17:00  Gateway  
  193  17:05  Zealot x3  
  161  17:23  Disruptor (Chrono Boost)  
  161  17:26  Zealot x6  
  181  17:42  Disruptor (Chrono Boost)  
  179  17:53  Nexus  
  179  17:57  Pylon  
  179  17:58  High Templar x4  
  179  18:02  Archon  
  179  18:03  Archon  
  187  18:06  Disruptor  
  187  18:09  Zealot x5  
  200  18:16  Assimilator x2  
  188  18:28  Nexus  
  188  18:29  Stalker x4  
  188  18:30  Stalker  
  198  18:37  Pylon  
  198  18:42  Photon Cannon  
  198  18:44  Photon Cannon  
  196  18:53  Disruptor  
  194  19:02  Disruptor  
  198  19:11  Stalker  
  200  19:30  Disruptor  
  190  19:31  Zealot x2  
  190  19:32  Zealot x4  
  196  19:38  Disruptor  
  142  20:10  Stalker x6  
  142  20:11  Stalker x3  
  142  20:12  Disruptor x2 (Chrono Boost)  
  148  20:16  Robotics Facility  
  148  20:17  Probe x3  
  155  20:22  Protoss Shields Level 1  
  155  20:29  Probe x2  
  155  20:32  Pylon  
  155  20:34  Zealot x3  
  155  20:35  Zealot x6  
  179  20:47  Pylon  
  179  20:48  Disruptor (Chrono Boost)  
  179  20:53  Colossus (Chrono Boost)  
  175  20:59  Zealot x9  
  175  21:01  Colossus (Chrono Boost)  
  199  21:07  Photon Cannon  
  199  21:10  Photon Cannon  
  199  21:12  Pylon  
  199  21:13  Assimilator  
  199  21:17  Assimilator  
  196  21:42  Zealot x3  
  185  21:55  Zealot x6  
  192  22:12  Pylon  
Show
View Real Time Build Order
Export as new Build Order

SpeCial Terran 

Build Orders: Cyclone Opening 

Get SALT Encoding   

  12  0:00  SCV  
  13  0:12  SCV  
  14  0:17  Supply Depot  
  14  0:24  SCV  
  15  0:39  SCV, Barracks  
  16  0:44  Refinery  
  16  0:51  SCV  
  16  0:53  Refinery  
  17  1:03  SCV  
  18  1:15  SCV  
  19  1:27  Orbital Command, Reaper  
  20  1:44  Factory  
  20  1:45  Supply Depot  
  20  1:53  SCV  
  21  1:59  Reaper  
  22  2:05  SCV  
  23  2:17  Command Center  
  23  2:20  SCV  
  24  2:27  Cyclone  
  26  2:32  SCV  
  27  2:37  Starport  
  27  2:45  SCV  
  27  2:49  Supply Depot  
  28  2:51  Barracks Reactor  
  28  2:57  SCV  
  29  3:04  Widow Mine  
  30  3:09  SCV  
  31  3:15  Starport Tech Lab  
  31  3:21  SCV  
  32  3:27  Marine x2  
  32  3:28  Factory Tech Lab  
  32  3:30  Orbital Command  
  32  3:33  SCV  
  35  3:34  Cloaking Field  
  35  3:42  Banshee  
  35  3:45  SCV, Marine x2  
  41  3:52  Supply Depot  
  41  4:03  Marine x2  
  41  4:07  SCV x2  
  45  4:17  Siege Tank, Supply Depot  
  45  4:19  SCV x2  
  45  4:21  Barracks, Marine x2  
  52  4:30  Banshee  
  54  4:32  SCV  
  54  4:36  SCV  
  56  4:38  Marine x2  
  56  4:40  Supply Depot  
  56  4:45  SCV  
  59  4:48  SCV  
  59  4:51  Refinery  
  60  4:54  Siege Tank  
  60  4:56  Marine x2  
  60  4:58  SCV  
  66  5:00  SCV  
  66  5:03  Engineering Bay  
  65  5:11  SCV  
  65  5:12  SCV  
  67  5:14  Marine x2  
  67  5:19  Stimpack, Marine  
  67  5:20  Starport Reactor  
  70  5:23  SCV  
  70  5:24  SCV  
  70  5:28  Barracks  
  72  5:31  Terran Infantry Weapons Level 1  
  72  5:33  Supply Depot, Refinery  
  72  5:36  Marine x2  
  72  5:39  Factory Tech Lab, Marauder  
  72  5:41  SCV x2  
  77  5:51  Supply Depot  
  77  5:53  SCV  
  77  5:55  SCV, Marine x2  
  77  5:56  Supply Depot  
  81  6:03  Marauder  
  83  6:06  Medivac  
  83  6:08  Medivac  
  84  6:12  Command Center, Marine x2  
  84  6:13  Supply Depot  
  84  6:18  SCV  
  87  6:19  Combat Shield, Missile Turret  
  87  6:26  Siege Tank  
  87  6:29  Marauder  
  87  6:30  Marine x2  
  87  6:32  Marauder  
  96  6:39  Supply Depot  
  96  6:47  Medivac  
  98  6:48  Marine x2  
  98  6:49  Medivac  
  98  6:51  Barracks  
  98  6:53  Barracks  
  98  6:54  SCV, Marauder  
  104  6:57  Marauder  
  107  7:03  Siege Tank  
  107  7:06  Marine x2  
  107  7:07  Concussive Shells  
  112  7:09  SCV  
  112  7:10  SCV  
  114  7:21  SCV  
  114  7:22  SCV  
  116  7:24  Marine x2  
  116  7:25  Terran Infantry Armor Level 1  
  116  7:26  Medivac  
  120  7:34  SCV x2  
  122  7:38  Supply Depot  
  122  7:41  Marine x2  
  122  7:42  Barracks Tech Lab, Marauder x2  
  128  7:44  Barracks Reactor  
  128  7:46  SCV  
  120  7:51  SCV  
  101  7:59  Marine x2  
  101  8:02  Marauder  
  101  8:04  SCV  
  101  8:05  Orbital Command  
  101  8:08  Marauder x2  
  101  8:09  SCV  
  103  8:13  Armory  
  103  8:15  Factory Reactor  
  103  8:17  Marine x2  
  103  8:19  Engineering Bay  
  105  8:20  Marine  
  105  8:21  Marine  
  105  8:22  SCV  
  105  8:24  Marauder  
  110  8:28  Liberator  
  110  8:31  Liberator  
  110  8:32  Missile Turret  
  116  8:35  Marine x2  
  116  8:37  Marauder  
  116  8:38  Supply Depot, Marauder  
  116  8:40  SCV x3  
  125  8:45  Supply Depot  
  125  8:53  Marine x2  
  125  8:55  Command Center  
  127  8:56  Marine  
  127  8:57  Marine x2  
  130  9:03  SCV x3, Terran Infantry Weapons Level 2  
  130  9:04  Refinery x2  
  130  9:06  Terran Ship Weapons Level 1  
  130  9:08  Widow Mine x2  
  137  9:10  Supply Depot  
  137  9:11  Marine x2  
  139  9:18  Viking x2  
  139  9:20  Marine x2  
  145  9:25  Missile Turret  
  145  9:30  SCV x2, Widow Mine x2  
  151  9:31  SCV  
  151  9:34  Ghost Academy, Marine x2  
  151  9:35  Marauder x3  
  160  9:47  Supply Depot  
  160  9:48  Viking x2  
  160  9:49  Terran Infantry Armor Level 2  
  164  9:59  Widow Mine  
  164  10:02  Widow Mine, Marauder  
  164  10:05  Marine  
  164  10:06  Marine  
  170  10:07  Marauder x2  
  156  10:17  Marine x2  
  156  10:20  Widow Mine  
  148  10:23  Widow Mine, Marine  
  148  10:25  Marine  
  155  10:30  Ghost x3  
  155  10:34  Marine  
  155  10:35  Marine  
  156  10:39  Barracks x2  
  156  10:41  Marine  
  157  10:43  Barracks, Marine, Viking  
  157  10:45  Viking  
  157  10:48  SCV x2  
  157  10:49  SCV  
  165  10:58  Marine x2  
  165  10:59  Missile Turret, Marine x2  
  165  11:01  Marauder x2  
  173  11:04  Planetary Fortress  
  173  11:06  SCV x2  
  173  11:07  SCV  
  176  11:12  Terran Ship Weapons Level 2  
  176  11:17  Marauder, Marine  
  176  11:18  Marine x3  
  181  11:22  Supply Depot, Marauder, Marine  
  181  11:23  Viking  
  187  11:30  Terran Infantry Weapons Level 3  
  187  11:32  Marine  
  188  11:37  Marine  
  188  11:44  Marauder x2, Marine, Viking  
  192  11:47  Marine, Marauder  
  192  11:48  Marauder  
  192  11:52  Marine  
  159  11:55  Marine  
  142  12:04  Marine x2  
  142  12:05  SCV, Marauder, Marine  
  142  12:06  Medivac, Marauder  
  140  12:08  Marauder  
  140  12:09  Marauder  
  140  12:13  Marine  
  140  12:14  Medivac, Marine  
  132  12:16  Marine x2  
  132  12:21  Fusion Core  
  132  12:22  Marine  
  136  12:24  Barracks Tech Lab, Marine  
  136  12:27  Marauder x2  
  136  12:29  Ghost x2  
  142  12:31  Marine x2  
  146  12:42  Command Center  
  146  12:44  Marine x2  
  145  12:47  Ghost  
  145  12:48  Marauder  
  145  12:50  Viking x2  
  154  12:52  Ghost  
  154  12:57  Ghost  
  158  12:59  Terran Infantry Armor Level 3  
  158  13:03  Caduceus Reactor  
  158  13:04  Refinery x2  
  158  13:07  Marine x4  
  158  13:08  Marine x2  
  164  13:17  Marauder x3  
  170  13:21  Marine  
  170  13:25  Marine  
  170  13:26  Marine x2  
  172  13:27  Marauder  
  172  13:29  Viking x2  
  172  13:30  Marine  
  168  13:46  Marauder, Marine x2  
  170  13:49  Marine  
  170  13:50  Marauder  
  173  13:55  Factory Reactor  
  173  13:57  Missile Turret  
  173  13:59  Viking x2  
  173  14:00  Advanced Ballistics  
  173  14:01  Starport  
  177  14:09  Marauder, Marine  
  178  14:16  Marine  
  172  14:17  Marauder  
  172  14:22  Marauder, Marine  
  172  14:23  Marine  
  172  14:24  Marauder  
  172  14:29  Liberator x2, Planetary Fortress  
  176  14:37  Ghost x2, Marine x2  
  176  14:38  Marine x3  
  185  14:46  Unknown  
  185  14:49  Liberator x2  
  189  14:54  Marauder, Marine  
  192  15:02  Command Center, Marauder  
  194  15:12  Missile Turret  
  194  15:13  Liberator x2  
  200  15:24  Command Center  
  198  15:56  Liberator  
  195  16:08  Marauder, Marine  
  195  16:09  Liberator, Viking x2  
  175  16:14  Marauder, Marine  
  175  16:17  Marauder, Marine x6  
  185  16:23  Terran Ship Weapons Level 3  
  182  16:26  Marine  
  182  16:29  Orbital Command  
  182  16:30  Marauder  
  182  16:31  Marine  
  186  16:35  Marauder  
  186  16:36  Orbital Command  
  186  16:37  Marine x2  
  186  16:38  Liberator, Marauder  
  186  16:39  Liberator, Viking  
  200  16:52  Viking  
  200  16:53  Missile Turret  
  195  17:14  Marauder, Marine  
  170  17:18  Viking  
  170  17:21  Viking  
  170  17:22  Liberator x2, Marine  
  164  17:23  Marauder, Marine x2  
  164  17:27  Marauder, Marine x2  
  171  17:41  Sensor Tower  
  171  17:48  Viking  
  172  17:51  Viking  
  172  17:53  Ghost x3  
  177  17:59  Command Center  
  177  18:05  Liberator x2  
  180  18:15  Ghost  
  180  18:16  Ghost, Marine  
  180  18:18  Viking  
  187  18:21  Viking  
  179  18:28  Ghost x2  
  179  18:29  Marine  
  181  18:48  Liberator x2, Viking  
  186  18:50  Marine  
  186  18:51  Liberator, Marauder  
  191  19:02  Marauder, Marine x2  
  190  19:03  Marauder, Marine  
  176  19:17  Liberator  
  179  19:25  Marauder, Marine  
  179  19:31  Liberator, Viking  
  180  19:32  Marine x2  
  180  19:33  Marauder  
  180  19:34  Liberator  
  171  19:55  Marine  
  171  19:56  Marauder, Marine  
  171  19:57  Marine  
  171  19:58  Marine, Marauder  
  171  19:59  Marauder  
  163  20:00  Marauder, Viking  
  163  20:01  Viking  
  163  20:04  Marauder, Marine  
  163  20:06  Marine  
  119  20:13  Marine x2, Viking  
  102  20:17  Liberator, Marauder  
  102  20:18  Ghost  
  102  20:20  Marauder, Marine  
  112  20:22  Planetary Fortress  
  112  20:26  Marauder  
  114  20:29  Marine, Marauder  
  114  20:30  Medivac  
  114  20:31  Medivac  
  114  20:35  Marine, Missile Turret  
  122  20:43  Medivac  
  122  20:44  Ghost, Marine  
  127  20:53  Marine x2  
  127  20:54  Marauder  
  127  20:55  Marine  
  127  20:56  Marauder  
  125  20:57  Ghost  
  125  20:58  Marine x2  
  125  20:59  Marine  
  125  21:00  Medivac x2  
  125  21:01  Medivac  
  125  21:02  Marine  
  137  21:11  Marine x2  
  137  21:13  Medivac, Marauder  
  137  21:14  Ghost  
  137  21:16  Ghost  
  137  21:17  Marauder  
  137  21:18  Marine  
  149  21:26  Marauder  
  149  21:31  Marine  
  146  21:34  Marauder  
  139  21:42  Marine x2  
  139  21:43  Marauder  
  137  21:53  Marauder, Marine  
  124  21:56  Marauder, Marine  
  129  22:09  Marine  
Tags
 
Add a new tag
Caveats
  • Supply blocks, unpowered buildings, or Contaminate may cause inaccurate times.
  • Supply counts are checked every 10 seconds.